 Dungeon Crawl Stone Soup version 0.19.5 (webtiles) character file.

1400 Wander the Cruncher (level 9, -8/59 HPs)
             Began as a Human Wanderer on Apr 1, 2017.
             Was an Initiate of Gozag.
             Killed from afar by an electric eel (9 damage)
             ... with a bolt of electricity
             ... on level 6 of the Dungeon.
             The game lasted 00:20:17 (5911 turns).

Wander the Cruncher (Human Wanderer)                Turns: 5911, Time: 00:20:18

Health: -8/59      AC: 13    Str: 13    XL:     9   Next: 1%
Magic:  9/9        EV:  6    Int: 14    God:    Gozag
Gold:   896        SH:  0    Dex: 14    Spells: 0 memorised, 8 levels left

rFire  . . .     SeeInvis .     a - +2 quarterstaff
rCold  . . .     Gourm    .     A - +4 chain mail {MR+}
rNeg   . . .     Faith    .     (shield currently unavailable)
rPois  .         Spirit   .     k - +0 helmet
rElec  .         Reflect  .     (no cloak)
rCorr  .         Harm     .     (no gloves)
MR     +....                    (no boots)
Stlth  ..........               (no amulet)
                                (no ring)
                                p - ring of stealth

@: no status effects
A: no striking features
a: Potion Petition, Call Merchant, Bribe Branch, Renounce Religion


You were on level 6 of the Dungeon.
You worshipped Gozag.
Gozag was pleased with you.
You were hungry.

You visited 1 branch of the dungeon, and saw 6 of its levels.
You also visited: Sewer.

You collected 896 gold pieces.

Inventory:

Hand Weapons
 a - a +2 quarterstaff (weapon)
 c - a +0 mace
 y - a +0 flail of crushing
Armour
 d - a +0 robe
 k - a +0 helmet (worn)
 m - a +1 robe of cold resistance
 w - a +0 leather armour
 A - a +4 chain mail of magic resistance (worn)
Magical Staves
 n - an uncursed staff of cold
Jewellery
 h - a cursed ring of teleportation
 p - a ring of stealth (left hand)
Wands
 t - a wand of flame (21/48)
 C - a wand of polymorph (6/24)
Scrolls
 e - a scroll of blinking {unknown}
 g - 2 scrolls of teleportation
 i - 2 scrolls of random uselessness
 o - a scroll of amnesia {unknown}
 q - 2 scrolls of enchant armour
 s - 2 scrolls of magic mapping {unknown}
 x - 2 scrolls of noise
 B - a scroll of enchant weapon {unknown}
 E - a scroll of identify
Potions
 b - 2 potions of might
 j - 2 potions of haste
 l - 2 potions of curing
 r - 2 potions of ambrosia
 z - a potion of magic {unknown}
 D - a potion of lignification
Comestibles
 f - 5 bread rations
 u - 4 meat rations
 v - a fruit


   Skills:
 - Level 1.0 Fighting
 - Level 3.0(7.1) Maces & Flails
 + Level 10.0(10.2) Staves
 - Level 2.0 Throwing
 + Level 1.3 Armour
 - Level 2.0 Dodging
 - Level 2.2 Stealth


You had 8 spell levels left.
You didn't know any spells.

Dungeon Overview and Level Annotations

Branches:
Dungeon (6/15)
 Temple: D:4-7

Altars:
Elyvilon
Gozag
Hepliaklqana
Xom
Yredelemnul

Annotations:
D:4 1 runed door


Message History

The electric eel shoots out a bolt of lightning at you!
The bolt of electricity misses you. The bolt of electricity hits you!
The electric eel shoots out a bolt of lightning at you!
The bolt of electricity hits you! The bolt of electricity misses you.
The electric eel shoots out a bolt of lightning at you!
The bolt of electricity hits the electric eel.
The electric eel completely resists.
The bolt of electricity hits you!
You barely miss the electric eel.
The electric eel shoots out a bolt of lightning at you!
The bolt of electricity misses you. The bolt of electricity hits you!
* * * LOW HITPOINT WARNING * * *
The bolt of electricity hits the electric eel.
The electric eel completely resists.
You hit the electric eel but do no damage.
The electric eel shoots out a bolt of lightning at you!
The bolt of electricity hits you!
* * * LOW HITPOINT WARNING * * *
The bolt of electricity hits you!
You die...
Your body crumbles into a pile of gold.

#... ... ... ...
..#### .... .....##
..... #.♣≈≈♣##
.....##≈≈≈≈≈.# ♣ ≈
#.......≈≈≈♣.#P♣P≈≈≈
##<.....##..;;P≈≈≈≈
#......##@#♣≈♣P≈≈≈
##.<..<....♣ ≈≈ ≈
##........≈≈≈≈≈≈≈
##....##.♣♣P≈≈≈≈
###.....♣ ≈≈≈≈
...#...♣ ≈≈≈
..#.....≈ ≈≈
#####...♣ ≈ $ #....


You could see 2 electric eels.

Vanquished Creatures
  Sigmund (D:5)
  Edmund (D:5)
  A black bear (D:4)
  Duvessa (D:5)
  2 ogres (D:5)
  A centaur (D:4)
  A gnoll sergeant (D:4)
  A bullfrog (Sewer)
  Dowan (D:5)
  An electric eel (D:6)
  A bullfrog zombie (D:5)
  A bullfrog skeleton (D:5)
  A hound (D:5)
  An orc wizard (D:3)
  A centaur skeleton (D:5)
  2 worker ants
  A howler monkey zombie (D:5)
  10 gnolls
  7 adders
  An ooze (D:4)
  A worm (D:3)
  2 dart slugs (D:1)
  10 leopard geckos
  7 orcs
  6 bats
  8 giant cockroaches
  4 goblins
  6 hobgoblins
  14 jackals
  6 kobolds
  5 quokkas
  3 ball pythons
  4 frilled lizards
  A goblin zombie (D:4)
  A jackal skeleton (D:4)
  A leopard gecko zombie (D:6)
  7 rats
123 creatures vanquished.

Notes
Turn   | Place    | Note
-------+----------+-------------------------------------------
     0 | D:1      | Wander the Human Wanderer began the quest for the Orb.
     0 | D:1      | Wander set off with: a +2 quarterstaff, a potion of lignification, a +0 mace, a +0 robe, a bread ration
     0 | D:1      | Reached XP level 1. HP: 15/15 MP: 1/1
   437 | D:1      | Reached skill level 2 in Staves
   437 | D:1      | Reached XP level 2. HP: 2/21 MP: 2/2
  1394 | D:2      | Reached XP level 3. HP: 26/26 MP: 3/3
  1673 | D:1      | Reached skill level 3 in Staves
  2125 | D:2      | Reached XP level 4. HP: 32/32 MP: 4/4
  2150 | D:2      | Found a faded altar of an unknown god.
  2175 | D:2      | Became a worshipper of Gozag Ym Sagoz the Greedy
  2568 | D:3      | Reached skill level 4 in Staves
  2568 | D:3      | Reached XP level 5. HP: 32/37 MP: 5/5
  3221 | D:4      | Noticed a centaur
  3237 | D:4      | Killed a centaur
  3237 | D:4      | Reached skill level 5 in Staves
  3237 | D:4      | Reached XP level 6. HP: 43/43 MP: 6/6
  3302 | D:4      | Reached skill level 6 in Staves
  3545 | D:4      | Found a glowing drain.
  3552 | Sewer    | Entered a sewer
  3835 | Sewer    | Reached XP level 7. HP: 48/48 MP: 7/7
  4094 | D:4      | Found a white marble altar of Elyvilon.
  4141 | D:4      | Reached skill level 7 in Staves
  4279 | D:4      | Found a runed door.
  4279 | D:4      | Noticed a human
  4301 | D:4      | Found a basalt altar of Yredelemnul.
  4312 | D:4      | Found a shimmering altar of Xom.
  4313 | D:4      | Found a hazy altar of Hepliaklqana.
  4313 | D:4      | Noticed a Killer Klown
  4314 | D:4      | Noticed a spectral ugly thing
  4314 | D:4      | Noticed a Killer Klown
  4393 | D:4      | Found a basalt altar of Yredelemnul.
  4661 | D:5      | Entered Level 5 of the Dungeon
  4702 | D:5      | Noticed Edmund
  4740 | D:5      | Killed Edmund
  4740 | D:5      | Reached skill level 8 in Staves
  4740 | D:5      | Reached XP level 8. HP: 54/54 MP: 8/8
  4883 | D:5      | Noticed Dowan
  4909 | D:5      | Killed Dowan
  4928 | D:5      | Noticed Duvessa
  4940 | D:5      | Killed Duvessa
  4940 | D:5      | Reached skill level 9 in Staves
  5071 | D:5      | Noticed Sigmund
  5150 | D:5      | Killed Sigmund
  5390 | D:5      | Reached skill level 1 in Armour
  5682 | D:5      | Reached skill level 10 in Staves
  5788 | D:6      | Reached XP level 9. HP: 38/59 MP: 9/9
  5911 | D:6      | HP: 1/59 [electric eel/bolt of electricity (12)]
  5911 | D:6      | Killed from afar by an electric eel

Skill      XL: |  1  2  3  4  5  6  7  8 |
---------------+-------------------------+-----
Staves         | 2 3 4 5 6 8 10 | 10.0
Stealth        | 2 |  2.2
Armour         | 1 |  1.3
Fighting       | |  1.0
Maces & Flails | |  3.0
Throwing       | |  2.0
Dodging        | |  2.0

Action                   |  1- 3 |  4- 6 |  7- 9 || total
-------------------------+-------+-------+-------++-------
Melee: Quarterstaff      |    98 |   172 |   210 ||   480
  Use: Potion            |     4 |     4 |     2 ||    10
       Scroll            |       |     9 |     2 ||    11
 Stab: Sleeping          |     5 |     7 |     1 ||    13
  Eat: Chunk             |     4 |       |       ||     4
       Fruit             |       |     2 |     2 ||     4
       Bread ration      |       |     1 |     1 ||     2
Armor: Robe              |    26 |     6 |       ||    32
       Skin              |     5 |    81 |    18 ||   104
       Leather armour    |       |    17 |    21 ||    38
       Chain mail        |       |       |    46 ||    46
Dodge: Dodged            |    75 |    81 |    75 ||   231
